[Event "*** Titled Tuesday Blitz"]
[Site "Chess.com"]
[Date "2020.10.27"]
[Round "4"]
[White "RobPeresian"]
[Black "Shota_Azaladze"]
[Result "0-1"]
[WhiteElo "2423"]
[BlackElo "2647"]
[TimeControl "180+1"]
[EndTime "10:38:35 PDT"]
[Termination "Shota_Azaladze won on time"]

1. Nf3 g6 2. c4 Bg7 3. d4 f5 4. g3 Nf6 5. Bg2 O-O 6. O-O c6 7. d5 cxd5 8. cxd5 Ne4 9. Nfd2 Nd6 10. Nc3 b5 11. a4 b4 12. Nb5 Na6 13. Qb3 Nb7 14. d6+ e6 15. Nc4 Nbc5 16. Qc2 Bb7 17. Bf4 b3 18. Qd2 Bxg2 19. Kxg2 Qc8 20. Nc7 Qb7+ 21.
f3 Rac8 22. Na5 Qb4 23. Qxb4 Nxb4 24. Rab1 Nxa4 25. Nc4 Nc2 26. Rfd1 e5 27. Bxe5 Bxe5 28. Nxe5 Ne3+ 29. Kf2 Nxd1+ 30. Rxd1 Rfd8 31. Rd3 Rb8 32. Rd2 Rb4 33. g4 fxg4 34. Nxg4 Nc5 35. Nf6+ Kg7 36.
Nfd5 Rh4 37. Kg3 Ra4 38. e4 Ra2 39. Ne7 a5 40. Kf2 a4 41. Ke2 a3 42. bxa3 Rb8 0-1

[Event "*** Titled Tuesday Blitz"]
[Site "Chess.com"]
[Date "2020.10.27"]
[Round "4"]
[White "ARTHURMOTIVATOR"]
[Black "davidkalashian"]
[Result "1-0"]
[WhiteElo "2367"]
[BlackElo "2564"]
[TimeControl "180+1"]
[EndTime "10:38:35 PDT"]
[Termination "ARTHURMOTIVATOR won by resignation"]

1. e4 c5 2. b3 Nc6 3. Bb2 d6 4. Bb5 Bd7 5. f4 Nf6 6. d3 Nd4 7. Bxd7+ Qxd7 8. Nf3 Qg4 9. O-O Qxf4 10. Nxd4 Qe5 11. Nb5 Qxb2 12. N1c3 a6 13. Rb1 Qxb1 14. Qxb1 axb5 15. Nxb5 Rc8 16. Qb2 Nd7 17. Qa3 g6 18. Qa7 Rb8 19. Nc7+ Kd8 20. Nd5 e6 21. Nb6 Be7 22.
Nxd7 Kxd7 23. Qa4+ Kc7 24. Rxf7 Rhe8 25. Qc4 Kd7 26.
a4 b5 27. axb5 Rf8 28. Rxf8 Rxf8 29. b6 Bf6 30. Qb5+ Ke7 31. g3 g5 32. Qc6 Bd4+ 33. Kg2 g4 34. Qc7+ Ke8 35. Qc8+ Ke7 36. Qxf8+ Kxf8 37. b7 1-0

[Event "*** Titled Tuesday Blitz"]
[Site "Chess.com"]
[Date "2020.10.27"]
[Round "4"]
[White "Kazmin_Dmitrij"]
[Black "fabianvivasz"]
[Result "0-1"]
[WhiteElo "2268"]
[BlackElo "2448"]
[TimeControl "180+1"]
[EndTime "10:38:35 PDT"]
[Termination "fabianvivasz won by checkmate"]

1. e4 e5 2. Nf3 Nc6 3. Bb5 f5 4.
Nc3 fxe4 5. Nxe4 Nf6 6. Nxf6+ Qxf6 7. Qe2 Be7 8. Bxc6 bxc6 9. d4 Qg6 10. Nxe5 Qxg2 11.
Rf1 O-O 12. Be3 d6 13. Qc4+ d5 14. Qxc6 Bg4 15. Nxg4 Qxg4 16. Qxd5+ Kh8 17. Kd2 Rad8 18. Qc6 Bg5 19. c3 Rf6 20. Qc5 Bxe3+ 21. Kxe3 Re8+ 22. Kd2 Qe2+ 23. Kc1 Qxf1+ 24. Kc2 Qxa1 25. Qb5 Rxf2+ 26. Kb3 Qxb2+ 27. Kc4 Qxa2+ 28. Kc5 Rf5+ 29. Kc6 Qe6+ 30. Kxc7 Rxb5 31. d5 Rc8# 0-1

[Event "*** Titled Tuesday Blitz"]
[Site "Chess.com"]
[Date "2020.10.27"]
[Round "4"]
[White "marabu44"]
[Black "Ural_bogatyr"]
[Result "0-1"]
[WhiteElo "2230"]
[BlackElo "2358"]
[TimeControl "180+1"]
[EndTime "10:38:35 PDT"]
[Termination "Ural_bogatyr won on time"]

1. Nf3 d5 2. d4 Nf6 3. c4 c6 4.
e3 e6 5. Nc3 Nbd7 6. Qc2 b6 7.
cxd5 exd5 8. Bd3 Bb7 9. O-O Be7 10.
e4 dxe4 11. Nxe4 O-O 12. Re1 Nxe4 13. Bxe4 Nf6 14. Bf5 c5 15. dxc5 Bxc5 16. Be3 g6 17. Bxc5 bxc5 18. Bd3 Bxf3 19. gxf3 Nd5 20. Re5 Nf4 21.
Bf1 Qf6 22. Qe4 Ne6 23. Re1 Ng5 24. Rxg5 Qxg5+ 25. Kh1 Kg7 26. f4 Qf6 27. Qe5 Rfe8 28. Qxf6+ Kxf6 29. Re3 Kf5 30. Rf3 Kg4 31. Kg2 Re1 32.
Bc4 f5 33. h3+ Kh4 34. Rd3 Rae8 35. Bd5 Rb1 36. Kf3 Rxb2 37. Rd1 Rd8 38. a4 c4 39. Rd4 c3 0-1

[Event "*** Titled Tuesday Blitz"]
[Site "Chess.com"]
[Date "2020.10.27"]
[Round "4"]
[White "MaxLeto"]
[Black "albi1999"]
[Result "0-1"]
[WhiteElo "2337"]
[BlackElo "2619"]
[TimeControl "180+1"]
[EndTime "10:38:37 PDT"]
[Termination "albi1999 won on time"]

1. g4 e5 2. Bg2 Ne7 3. c3 d5 4. g5 Nbc6 5. d4 Be6 6. dxe5 Nxe5 7. h4 Qd7 8. Bf4 N7c6 9. Nd2 O-O-O 10. Ngf3 Nxf3+ 11. Nxf3 Bc5 12. e3 Rhe8 13. Qa4 Kb8 14. O-O-O Bf5 15.
Rd2 Be4 16. Rg1 a6 17. Nd4 Bxd4 18. cxd4 Bxg2 19. Rxg2 Qh3 20. Rh2 Qf3 21. Rc2 Re6 22. Bg3 Rd7 23. b4 Rd8 24. b5 axb5 25. Qxb5 Rd7 26. a4 Kc8 27. a5 Nb8 28. h5 Rc6 29.
Rxc6 bxc6 30. Qb4 Qe2 31. h6 g6 32. Rh4 Na6 33. Qc3 Qf1+ 0-1

[Event "*** Titled Tuesday Blitz"]
[Site "Chess.com"]
[Date "2020.10.27"]
[Round "4"]
[White "andrzej"]
[Black "djano"]
[Result "1-0"]
[WhiteElo "2312"]
[BlackElo "2455"]
[TimeControl "180+1"]
[EndTime "10:38:37 PDT"]
[Termination "andrzej won by checkmate"]

1. e4 e5 2. Nf3 d6 3. d4 exd4 4.
Nxd4 Nf6 5. Nc3 Be7 6. Bf4 a6 7. Qd2 b5 8. f3 O-O 9. O-O-O b4 10. Nd5 Nxd5 11. exd5 Bf6 12. g4 Bb7 13. g5 Bxd4 14.
Qxd4 c5 15. Qd2 Nd7 16. h4 Ne5 17. Bxe5 dxe5 18. Bc4 a5 19. h5 Ba6 20. Bxa6 Rxa6 21.
Qe3 c4 22. Qxe5 Re8 23. Qf4 c3 24. h6 b3 25. cxb3 a4 26. Rde1 axb3 27. Rxe8+ Qxe8 28. Qd4 cxb2+ 29. Qxb2 Qe3+ 30. Kb1 Qd3+ 31. Ka1 Rxa2+ 32.
Qxa2 bxa2 33. Rc1 Qd2 34. Rc8# 1-0

[Event "*** Titled Tuesday Blitz"]
[Site "Chess.com"]
[Date "2020.10.27"]
[Round "4"]
[White "emiliochess"]
[Black "MrChampion_Coach"]
[Result "1-0"]
[WhiteElo "2281"]
[BlackElo "2416"]
[TimeControl "180+1"]
[EndTime "10:38:37 PDT"]
[Termination "emiliochess won by checkmate"]

1. d4 Nf6 2. Bf4 d5 3. e3 e6 4.
Bd3 c5 5. c3 Nc6 6. Nd2 Bd6 7.
Bg3 O-O 8. Ngf3 Qe7 9. Ne5 Bxe5 10. dxe5 Nd7 11. f4 f6 12. exf6 Nxf6 13. e4 e5 14. O-O exf4 15. Rxf4 Ne5 16. Bc2 d4 17. cxd4 cxd4 18. Nb3 d3 19. Bb1 Bg4 20. Qd2 Rad8 21. Rf2 Nxe4 22. Rxf8+ Qxf8 23. Qe3 Nxg3 24. Qxg3 Be2 25.
Bxd3 Nxd3 26. Qe3 Re8 27. Qxa7 Qf6 28. Kh1 b6 29. Qd7 Qe5 30. Nd4 Bg4 31. Ne6 Nf2+ 32.
Kg1 Rxe6 33. Qc8+ Re8 34. Qc4+ Be6 35. Qc6 Nh3+ 36. gxh3 Qe3+ 37. Kh1 Qe5 38. Qxe8# 1-0

[Event "*** Titled Tuesday Blitz"]
[Site "Chess.com"]
[Date "2020.10.27"]
[Round "4"]
[White "PauloCesarCosta_sad"]
[Black "Dr_crypt"]
[Result "1-0"]
[WhiteElo "2299"]
[BlackElo "2447"]
[TimeControl "180+1"]
[EndTime "10:38:38 PDT"]
[Termination "PauloCesarCosta_sad won by checkmate"]

1. Nf3 Nf6 2. c4 g6 3. d4 Bg7 4. Nc3 O-O 5. Bg5 d6 6. e3 Nbd7 7.
Qc2 b6 8. Be2 Bb7 9. O-O e5 10.
dxe5 Nxe5 11. Nxe5 dxe5 12. Rfd1 Qc8 13. Nd5 Nxd5 14.
cxd5 c6 15. d6 Qd7 16. Be7 Rfe8 17. e4 Bf8 18. Bxf8 Kxf8 19. a4 Re6 20. Bg4 f5 21.
exf5 Rxd6 22. fxg6 Rxd1+ 23. Bxd1 c5 24. gxh7 Kg7 25.
Qe2 Re8 26. Bc2 e4 27. Qh5 Rf8 28. h8=Q+ Rxh8 29. Qg5+ Kh7 30. Ra3 Rd8 31. Qh4+ Kg7 32. Rg3+ Kf7 33. Qf4+ Ke6 34. Rg6+ Kd5 35. Qxe4# 1-0

[Event "*** Titled Tuesday Blitz"]
[Site "Chess.com"]
[Date "2020.10.27"]
[Round "4"]
[White "AIROPITO7"]
[Black "LyonBeast"]
[Result "0-1"]
[WhiteElo "2598"]
[BlackElo "3037"]
[TimeControl "180+1"]
[EndTime "10:38:39 PDT"]
[Termination "LyonBeast won by resignation"]

1. e4 e5 2. Nf3 Nf6 3. Nc3 d6 4. d4 Nbd7 5. Bc4 Be7 6. O-O O-O 7.
Qe2 a6 8. a4 b6 9. Rd1 exd4 10.
Nxd4 Bb7 11. Nf5 Re8 12. Bg5 Bf8 13. Nd5 h6 14. Bh4 g5 15. Bg3 Rxe4 16. Qd3 Ne5 17.
Bxe5 Rxe5 18. Nfe3 Nxd5 19. Nxd5 Bg7 20. Re1 c6 21.
Rxe5 Bxe5 22. Nc3 d5 23. Bb3 a5 24. Re1 Qf6 25. Qe2 Bd4 26. Nd1 Ba6 27. Qd2 Bc5 28.
c3 Qf4 29. Qc2 Kg7 30. Ne3 Bxe3 31. Rxe3 Rd8 32. Rf3 Qe4 33. Qd2 Re8 34. Re3 Qb1+ 35. Bd1 Rxe3 36. fxe3 Qd3 37. Qe1 Qe4 38. h3 Qe5 39. Bf3 Bc8 40. Qd2 Be6 41. Qd3 c5 42. Qa6 Qxe3+ 43. Kh1 c4 44. Qb7 Qc5 45. Qb8 d4 46.
cxd4 Qxd4 47. Qc7 Qxb2 48. h4 Qc1+ 49. Kh2 Qf4+ 0-1

[Event "*** Titled Tuesday Blitz"]
[Site "Chess.com"]
[Date "2020.10.27"]
[Round "4"]
[White "rasmussvane"]
[Black "WhiteKnight2612"]
[Result "0-1"]
[WhiteElo "2861"]
[BlackElo "2595"]
[TimeControl "180+1"]
[EndTime "10:38:39 PDT"]
[Termination "WhiteKnight2612 won on time"]

1. Nf3 Nf6 2. g3 e6 3. Bg2 Be7 4. O-O d5 5. c4 O-O 6. b3 c5 7. cxd5 exd5 8. d4 Nc6 9. Nc3 Be6 10. Bb2 Rc8 11. Rc1 b6 12. e3 Qd7 13. Ne2 Rfd8 14.
Nf4 Bd6 15. dxc5 Bxc5 16. Ne5 Nxe5 17. Bxe5 Ne4 18. Qe2 Ba3 19. Rxc8 Qxc8 20. Rd1 Bf8 21. Bxe4 dxe4 22. Rxd8 Qxd8 23. Nxe6 fxe6 24. Kg2 Qd5 25. Bd4 Bc5 26. Bb2 h5 27. h3 a5 28. Ba1 Ba3 29.
Qa6 Qf5 30. Qc8+ Kh7 31. Qc7 Qf3+ 32. Kg1 Qd1+ 33. Kg2 Qxa1 34. Qxb6 Qf6 35. Qc6 Qf3+ 36. Kg1 Bb4 37. Qc1 h4 38. gxh4 Qxh3 39. Qc4 Qg4+ 40. Kf1 Qd1+ 41. Kg2 Qg4+ 42. Kf1 Kh6 43. Qd4 Qxh4 44.
Qe5 Qh1+ 45. Ke2 Qh5+ 46. Qxh5+ Kxh5 0-1

[Event "*** Titled Tuesday Blitz"]
[Site "Chess.com"]
[Date "2020.10.27"]
[Round "4"]
[White "TotsukaBlade"]
[Black "barbara25"]
[Result "0-1"]
[WhiteElo "2424"]
[BlackElo "2272"]
[TimeControl "180+1"]
[EndTime "10:38:39 PDT"]
[Termination "barbara25 won by resignation"]

1. e4 c5 2. Nf3 d6 3. Bb5+ Nd7 4. Ba4 a6 5. c4 Nf6 6. Nc3 g6 7. O-O Bg7 8. d4 cxd4 9. Nxd4 O-O 10. h3 Qc7 11.
Bb3 Nc5 12. Re1 Bd7 13. Bc2 Ne6 14. Nxe6 fxe6 15. Bd3 Bc6 16. Be3 Nd7 17. Rc1 Ne5 18.
Bf1 Rad8 19. b4 Be8 20. Qb3 Bf7 21. c5 d5 22. Red1 Qb8 23. Bd4 dxe4 24. Nxe4 Rxd4 25.
Rxd4 Nf3+ 26. Qxf3 Bxd4 27. Qd3 Bg7 28. Be2 e5 29.
Bf3 Bxa2 30. Ng5 h6 31. Bd5+ Bxd5 32. Qxd5+ Kh8 33. Ne6 Rg8 34. Re1 Bf6 35. Rd1 Qc8 36.
f4 exf4 37. Nxf4 e5 38. Ne2 Rd8 39. Qb3 Rxd1+ 40. Qxd1 a5 41. Qc2 axb4 42. Qxg6 Qxc5+ 43. Kh2 Bg7 44. Ng3 Qc6 45. Qf7 e4 46. Qe7 b3 47.
Qb4 b2 48. Nxe4 Qc7+ 49. Kg1 Qc1+ 0-1

[Event "*** Titled Tuesday Blitz"]
[Site "Chess.com"]
[Date "2020.10.27"]
[Round "4"]
[White "Legendinunknown"]
[Black "ASVZ"]
[Result "1-0"]
[WhiteElo "2653"]
[BlackElo "2444"]
[TimeControl "180+1"]
[EndTime "10:38:40 PDT"]
[Termination "Legendinunknown won by resignation"]

1. d4 e6 2. c4 b6 3. a3 Bb7 4. Nc3 f5 5. d5 Nf6 6. g3 g6 7. Bg2 Bg7 8. Nh3 O-O 9. O-O a5 10. dxe6 Bxg2 11. Kxg2 dxe6 12. Qxd8 Rxd8 13. Bf4 Na6 14.
Ng5 Re8 15. Nb5 e5 16. Bd2 h6 17. Nf3 Ne4 18. Rad1 Rad8 19. Bc1 Kf7 20. b3 c6 21. Na7 Nb8 22. Be3 Nc5 23. b4 axb4 24. axb4 Na4 25. Ra1 Nc3 26. Bxb6 Rd7 27. Ng1 e4 28. Ra5 Rb7 29. Be3 Rxb4 30. Bf4 Rxc4 31. h4 Nd5 32. Bxb8 Rxb8 33. Nxc6 Nf4+ 34. gxf4 Rxc6 35. Ra7+ Kg8 36. Rd1 Bf6 37. Rdd7 Bxh4 38. Rg7+ Kf8 39. Rh7 Kg8 40. Rxh6 Bf6 41. Rxg6+ Kh8 42. Rh6+ Kg8 43. Nh3 Rbc8 44. Rh5 Rc5 45. Ng5 Bxg5 46. Rxg5+ Kf8 47. Rh7 R8c6 48. e3 Rc8 49. Rh8+ Kf7 50. Rxc8 Rxc8 51. Rxf5+ Kg6 52. Re5 Kf6 53. Rxe4 Re8 54. Rxe8 1-0

[Event "*** Titled Tuesday Blitz"]
[Site "Chess.com"]
[Date "2020.10.27"]
[Round "4"]
[White "AleksanderHnydiuk"]
[Black "pastouche06"]
[Result "0-1"]
[WhiteElo "2525"]
[BlackElo "2496"]
[TimeControl "180+1"]
[EndTime "10:38:40 PDT"]
[Termination "pastouche06 won on time"]

1. d4 Nf6 2. Bf4 d5 3. e3 e6 4. Nf3 Bd6 5. Bd3 O-O 6. O-O b6 7. Qe2 Bxf4 8. exf4 c5 9. c3 Nc6 10. Ne5 Bb7 11. Nd2 cxd4 12. Nxc6 Bxc6 13. cxd4 Qd6 14. Qe5 Qb4 15. Nb3 Bb5 16. Bxb5 Qxb5 17. Rac1 Rac8 18. Rc7 Rxc7 19. Qxc7 a5 20. Qc2 g6 21. Rc1 Ne4 22. Nd2 Nd6 23. Qb3 Qe2 24. Qe3 Qb5 25. b3 Rc8 26.
Rxc8+ Nxc8 27. f3 Qc6 28. Qd3 Nd6 29. Kf2 Qc1 30. a4 Nf5 31. g3 Qb2 32. Kg2 Nxd4 33. Kh3 Nf5 34. g4 Qd4 35. Qe2 Ne3 36. Nf1 Nxf1 37. Qxf1 Qxf4 38. Qd3 g5 39. Kg2 Kg7 40. Qb5 d4 41. Qxb6 d3 42. Qxa5 d2 43. Qd8 Qe3 44. Qd6 Qe2+ 45. Kg3 d1=Q 0-1

[Event "*** Titled Tuesday Blitz"]
[Site "Chess.com"]
[Date "2020.10.27"]
[Round "4"]
[White "GalperinPlaton"]
[Black "Margarita2907"]
[Result "1-0"]
[WhiteElo "2827"]
[BlackElo "2198"]
[TimeControl "180+1"]
[EndTime "10:38:41 PDT"]
[Termination "GalperinPlaton won on time"]

1. a4 Nf6 2. Na3 e6 3. d4 d5 4. c3 a6 5. Nf3 Bd6 6. Nc2 O-O 7.
g3 b6 8. Bg2 Bb7 9. O-O Nbd7 10. Re1 c5 11. Nd2 Qc7 12. e4 dxe4 13. Nxe4 Nxe4 14. Bxe4 Bxe4 15. Rxe4 Nf6 16. Rh4 Rad8 17. Qf3 Be7 18. Bg5 Nd5 19. Qh5 h6 20. Bxe7 Qxe7 21.
Re1 Nf6 22. Qf3 Rd5 23. Ne3 Rd7 24. Rh3 Qd8 25. dxc5 bxc5 26. Nc4 Rd3 27. Qe2 Rd5 28.
Ne5 Rd2 29. Qxa6 Rxb2 30. Qd3 Qxd3 31. Nxd3 Rc2 32. Nxc5 Rxc3 33. Nb7 Rb8 34. Nd6 Ra3 35. Rh4 Ra8 36. Rb1 R3xa4 37. Rxa4 Rxa4 38. Rb8+ Kh7 39. Nxf7 Ra2 40. Rb4 Ra7 41. Ne5 Ra5 42. Nc6 Rc5 43. Nd4 e5 44. Ne6 Rc6 45. Nf8+ Kg8 46. Ng6 Re6 47.
Rb7 Re8 48. h4 Kh7 49. Ne7 e4 50. Kg2 Kh8 51. Nf5 Rg8 52. Re7 Ne8 53. Rxe4 Kh7 54. Re7 Kg6 55. g4 Kf6 56. Ra7 Rh8 57. Kg3 g6 58.
Ra6+ Kf7 59. Nd4 Nf6 60. Nf3 Re8 61. Ra7+ Kf8 62. g5 Re6 63. gxf6 Rxf6 64. Kg4 Rc6 65.
Ne5 Re6 66. f4 1-0

[Event "*** Titled Tuesday Blitz"]
[Site "Chess.com"]
[Date "2020.10.27"]
[Round "4"]
[White "exoticprincess"]
[Black "anon102030"]
[Result "1-0"]
[WhiteElo "2857"]
[BlackElo "2753"]
[TimeControl "180+1"]
[EndTime "10:38:42 PDT"]
[Termination "exoticprincess won on time"]

1. d4 Nf6 2. Nc3 d5 3. Bf4 e6 4.
Nb5 Na6 5. e3 c6 6. Nc3 Nc7 7.
Nf3 Bb4 8. Bd3 Nb5 9. O-O Nxc3 10. bxc3 Bxc3 11. Rb1 O-O 12. Ne5 Ba5 13. Qf3 Nd7 14.
Qh3 f5 15. Qg3 Nxe5 16. Bxe5 Qd7 17. f4 Bc7 18. h4 Bxe5 19. fxe5 b6 20. Rf4 Qe7 21.
Rbf1 Bd7 22. h5 c5 23. c3 Rac8 24. Kh2 cxd4 25. cxd4 Rc3 26. Bb1 Rfc8 27. R4f2 Bb5 28.
Re1 Rc1 29. Rb2 Be8 30. h6 g6 31.
Rbe2 Bb5 32. Rb2 Ba6 33. Rxc1 Rxc1 34. Qf4 g5 35. Qf3 Qf8 36. Qh5 Qe7 37. a4 Rc3 38. a5 b5 39. g4 fxg4 40. Rf2 Rxe3 41. Rf6 Rh3+ 42. Qxh3 gxh3 43. Kxh3 b4 44. Kg4 Qxf6 45.
exf6 Kh8 46. f7 1-0

[Event "*** Titled Tuesday Blitz"]
[Site "Chess.com"]
[Date "2020.10.27"]
[Round "4"]
[White "GOGIEFF"]
[Black "Alexsur1981"]
[Result "1/2-1/2"]
[WhiteElo "2881"]
[BlackElo "2765"]
[TimeControl "180+1"]
[EndTime "10:38:43 PDT"]
[Termination "Game drawn by agreement"]

1. d4 d5 2. c4 e6 3. Nc3 c6 4. e3 f5 5. g4 Nf6 6. gxf5 exf5 7. Qb3 Na6 8. Nh3 Nc7 9. Rg1 g6 10. Nf4 Bd6 11. cxd5 Bxf4 12. dxc6 Bxh2 13. Rh1 Be6 14. d5 Nfxd5 15. cxb7 Rb8 16. Rxh2 Nb6 17. Qa3 Rxb7 18. e4 Qe7 19. Qxe7+ Kxe7 20. Bg5+ Kf7 21. O-O-O h5 22. f3 Rc8 23. Rhd2 fxe4 24. Nxe4 Ne8+ 25. Kb1 Nc4 26. Bxc4 Rxc4 27. b3 Bf5 28. Kb2 Rc6 29. Rd5 Re6 30.
R1d4 Bxe4 31. Rd7+ Rxd7 32. Rxd7+ Kf8 33. fxe4 Rxe4 34.
Rxa7 Re5 35. Bh6+ Kg8 36. a4 h4 37. a5 g5 38. a6 h3 39. Rd7 h2 40. Rd1 Kh7 41.
a7 Nc7 42. Bf8 Ra5 43. Bd6 Rxa7 44. Bxh2 Ne6 45. b4 1/2-1/2

[Event "*** Titled Tuesday Blitz"]
[Site "Chess.com"]
[Date "2020.10.27"]
[Round "4"]
[White "TheChessChannel"]
[Black "MarceloPlaya"]
[Result "0-1"]
[WhiteElo "2439"]
[BlackElo "2286"]
[TimeControl "180+1"]
[EndTime "10:38:43 PDT"]
[Termination "MarceloPlaya won by resignation"]

1. c4 e6 2. g3 Nf6 3. Bg2 d5 4. cxd5 exd5 5. Nf3 Bd6 6. O-O O-O 7. d3 Re8 8. Nc3 c6 9. Bd2 Bg4 10. h3 Bh5 11. a3 Nbd7 12. b4 Ne5 13. Nxe5 Bxe5 14.
Re1 Qd7 15. Rc1 Rad8 16. a4 Bb8 17. b5 c5 18. Bg5 Qe6 19. Bxf6 gxf6 20. g4 Bg6 21. Nxd5 Rxd5 22. Bxd5 Qxd5 23. Qd2 Qd6 24.
f4 Qxf4 25. Qxf4 Bxf4 26. Rc4 Be3+ 27. Kg2 f5 28. Rf1 fxg4 29. hxg4 Kg7 30. Rf3 f6 31. a5 Bf7 32. Re4 Rxe4 33. dxe4 Bd4 34. Rd3 Be6 35. e3 Be5 36. Kf3 c4 37. Rd1 c3 38. Rc1 Bb3 39. Ke2 c2 40. Kd2 Bb2 41. Rxc2 Bxc2 42. Kxc2 Be5 43.
Kd3 Bc7 44. a6 bxa6 45. bxa6 Kg6 46. Ke2 Kg5 47. Kf3 Bb6 48. Kg3 Bxe3 49. Kf3 Bf4 0-1

[Event "*** Titled Tuesday Blitz"]
[Site "Chess.com"]
[Date "2020.10.27"]
[Round "4"]
[White "Arseniy_Nesterov"]
[Black "scarabee43"]
[Result "1-0"]
[WhiteElo "2798"]
[BlackElo "2535"]
[TimeControl "180+1"]
[EndTime "10:38:45 PDT"]
[Termination "Arseniy_Nesterov won by checkmate"]

1. d4 Nf6 2. c4 c5 3. d5 g6 4. Nc3 Bg7 5. e4 d6 6. Be2 O-O 7. Bg5 e6 8. Qd2 Re8 9. Nf3 exd5 10. exd5 Nbd7 11. O-O Ne5 12. Nxe5 Rxe5 13. Bd3 Bd7 14. f4 Re8 15. f5 Re5 16. fxg6 hxg6 17. Bf4 Ng4 18.
h3 Ne3 19. Rf3 Nf5 20. Bxe5 Bxe5 21. Bxf5 Bxf5 22. Raf1 Qh4 23. g4 Bd7 24. Ne4 f5 25.
Qg5 Qxg5 26. Nxg5 fxg4 27. Rf7 Bf5 28. hxg4 Bxg4 29. Rxb7 Bf5 30. Nf7 Bd4+ 31. Kh2 Rf8 32. Nh6+ Kh8 33. Nxf5 gxf5 34. Rxa7 Bxb2 35. Rd7 Be5+ 36.
Kg2 f4 37. Kf3 Ra8 38. Rf2 Ra3+ 39. Ke4 Ra4 40. Kf5 Kg8 41. Rg2+ Kf8 42. Ke6 f3 43. Rd8# 1-0

[Event "*** Titled Tuesday Blitz"]
[Site "Chess.com"]
[Date "2020.10.27"]
[Round "4"]
[White "vinniethepooh"]
[Black "Triumphmate"]
[Result "1-0"]
[WhiteElo "2572"]
[BlackElo "2407"]
[TimeControl "180+1"]
[EndTime "10:38:45 PDT"]
[Termination "vinniethepooh won by resignation"]

1. d4 d5 2. c4 e6 3. Nc3 Be7 4. cxd5 exd5 5. Bf4 c6 6. e3 Nf6 7. Bd3 Be6 8. h3 Nbd7 9. Nge2 Rc8 10. O-O O-O 11.
Rc1 h6 12. Qb3 b5 13. Qc2 a6 14. a3 c5 15. dxc5 Nxc5 16. Nd4 Qb6 17. Rfd1 Rfd8 18. Qe2 Nxd3 19. Rxd3 Rc4 20. Rcd1 Rdc8 21. Be5 Nd7 22. Bxg7 Kxg7 23. Nxd5 Bxd5 24. Nf5+ Kf8 25. Rxd5 Nf6 26.
Re5 Re4 27. Rxe4 Nxe4 28. Qg4 Nf6 29. Qg7+ Ke8 30. Qh8+ Bf8 31. Nd6+ Kd7 32. Nxc8+ Kxc8 33. Qxf8+ Kc7 34. Qe7+ Kc8 35. Rd6 Nd5 36. Qf8+ Qd8 37. Qxd8+ 1-0

[Event "*** Titled Tuesday Blitz"]
[Site "Chess.com"]
[Date "2020.10.27"]
[Round "4"]
[White "Skatchkov_V"]
[Black "Smile2005"]
[Result "1-0"]
[WhiteElo "2470"]
[BlackElo "2294"]
[TimeControl "180+1"]
[EndTime "10:38:45 PDT"]
[Termination "Skatchkov_V won on time"]

1. d4 Nf6 2. c4 g6 3. Nf3 Bg7 4.
Nc3 d5 5. cxd5 Nxd5 6. g3 O-O 7. Bg2 Nc6 8. O-O Nb6 9. e3 Bd7 10. h3 Qc8 11. Kh2 Re8 12. a3 e5 13. d5 Na5 14. e4 c6 15. b4 Nac4 16. Ra2 cxd5 17. Nxd5 Nxd5 18. exd5 b5 19. Be3 Nxe3 20. fxe3 Qc3 21.
Qd2 Rac8 22. Ng5 f5 23. Ne6 Qxd2 24. Rxd2 Bxe6 25. dxe6 e4 26. g4 Rxe6 27. gxf5 Be5+ 28. Kg1 Rd6 29. Rxd6 Bxd6 30. Bxe4 Rc3 31. fxg6 hxg6 32. Rf6 Be5 33. Rxg6+ Kf8 34. Ra6 Rxe3 35. Bc6 Rxh3 36. Bxb5 Bd4+ 37. Kg2 Re3 38. a4 Ke7 39. Rh6 Rb3 40.
Rh7+ Kf6 41. Rh6+ Ke5 42. Rh5+ Kf6 43. Rh4 Rxb4 44. Kf3 Bc5 45. Rh6+ Ke5 46. Ke2 Rb2+ 47. Kd3 Rb3+ 48. Kc4 1-0

[Event "*** Titled Tuesday Blitz"]
[Site "Chess.com"]
[Date "2020.10.27"]
[Round "4"]
[White "Fh2411"]
[Black "bascheyaro"]
[Result "0-1"]
[WhiteElo "2516"]
[BlackElo "2732"]
[TimeControl "180+1"]
[EndTime "10:38:46 PDT"]
[Termination "bascheyaro won on time"]

1. d4 Nf6 2. Nf3 d5 3. Bf4 Bf5 4. c4 c6 5. e3 Qb6 6. Qb3 e6 7. Nc3 dxc4 8. Bxc4 Nbd7 9. O-O h6 10. h3 Ne4 11.
Rfd1 Nxc3 12. bxc3 Qxb3 13. axb3 g5 14. Bg3 Nb6 15.
Bd3 Bxd3 16. Rxd3 Bg7 17. Ra5 O-O 18. c4 Nd7 19. Rd2 c5 20. Rda2 cxd4 21. exd4 a6 22. Ne5 Rfd8 23. Nf3 Rac8 24. R2a4 Nf8 25. Be5 f6 26.
Bg3 Rd7 27. Rb4 Rc6 28. Kh2 Ng6 29. d5 exd5 30. Rxd5 Re7 31. Rd8+ Kf7 32. Rb8 f5 33. R8xb7 f4 34. Rxe7+ Nxe7 35. Rb7 fxg3+ 36. fxg3 Rd6 37.
c5 Rd3 38. b4 Rb3 39. c6 Rc3 40. Nd2 Rxc6 41. Ne4 Be5 42. h4 gxh4 43. Kh3 hxg3 44.
Nc5 Bd6 45. Nd3 Ke6 0-1

[Event "*** Titled Tuesday Blitz"]
[Site "Chess.com"]
[Date "2020.10.27"]
[Round "4"]
[White "pavelalexandru07"]
[Black "ShahMatKanal"]
[Result "1-0"]
[WhiteElo "2345"]
[BlackElo "2462"]
[TimeControl "180+1"]
[EndTime "10:38:46 PDT"]
[Termination "pavelalexandru07 won by checkmate"]

1. d4 Nf6 2. c4 e5 3. dxe5 Ng4 4. Nf3 Bc5 5. e3 Nc6 6. a3 a5 7. Nc3 Ngxe5 8. Nxe5 Nxe5 9. Be2 Ra6 10. f4 Rg6 11. Ne4 Rxg2 12. Nxc5 Qh4+ 13. Kd2 Nxc4+ 14. Kc3 d5 15.
Qxd5 Rxe2 16. Qxc4 Qf2 17. Qe4+ Kf8 18. Rd1 g6 19. Rd8+ Kg7 20. Qe5+ Kh6 21. Rxh8 Rc2+ 22. Kb3 a4+ 23. Kxa4 Rc4+ 24. Kb3 Qc2+ 25. Ka2 Be6 26. Nxe6 fxe6 27. Qxe6 Rc6 28. Qh3+ Kg7 29. Qxh7+ Kf6 30. Rf8+ Ke6 31. Qf7+ Kd6 32. Rd8+ Kc5 33. Qb3 Qe2 34. Qb4# 1-0

[Event "*** Titled Tuesday Blitz"]
[Site "Chess.com"]
[Date "2020.10.27"]
[Round "4"]
[White "mjray79"]
[Black "GMJustin"]
[Result "0-1"]
[WhiteElo "2443"]
[BlackElo "2292"]
[TimeControl "180+1"]
[EndTime "10:38:46 PDT"]
[Termination "GMJustin won by checkmate"]

1. d4 d5 2. c4 e6 3. Nf3 Nf6 4. g3 Be7 5. Bg2 O-O 6. O-O dxc4 7. Qc2 b6 8. Qxc4 Bb7 9. Nc3 Nbd7 10. Bf4 c5 11. Rfd1 Qc8 12. Rac1 Nd5 13. Nxd5 Bxd5 14.
Qd3 Qb7 15. Re1 Be4 16. Qd2 Rac8 17. dxc5 Nxc5 18. Qe3 Bf6 19. b4 Na4 20. Bg5 Bb2 21. Rxc8 Rxc8 22. Qf4 h6 23. Bxh6 gxh6 24. Qxh6 Bg7 25.
Qh4 Nc3 26. Qf4 Qd5 27. h4 e5 28. Qg4 f5 29. Qg6 Nxe2+ 30. Rxe2 Bxf3 31. Bxf3 Qxf3 32. Qe6+ Kh7 33. Re1 Rf8 34. Re3 Qd1+ 35. Kg2 e4 36. b5 Qg4 37. Ra3 Qg6 38. Qd7 f4 39. Rxa7 f3+ 40. Kh2 e3 41. Kg1 exf2+ 42.
Kxf2 Qc2+ 43. Ke3 Qe2# 0-1

[Event "*** Titled Tuesday Blitz"]
[Site "Chess.com"]
[Date "2020.10.27"]
[Round "4"]
[White "SergeyShtyka"]
[Black "Mikhail_Golubev"]
[Result "1/2-1/2"]
[WhiteElo "2331"]
[BlackElo "2528"]
[TimeControl "180+1"]
[EndTime "10:38:47 PDT"]
[Termination "Game drawn by repetition"]

1. e4 c5 2. Nf3 d6 3. d4 Nf6 4. Nc3 cxd4 5. Nxd4 Nc6 6. Bc4 e6 7. O-O a6 8. Be3 Qc7 9. Bd3 Ne5 10. h3 Be7 11. f4 Nc4 12. Bxc4 Qxc4 13. Qd3 Qxd3 14. cxd3 O-O 15. Rac1 Bd7 16. Rc2 Rfc8 17. Rfc1 Kf8 18. Kf2 Ke8 19. g4 h6 20. Kf3 b5 21. a3 Bd8 22. h4 h5 23. g5 Ng4 24. Bg1 g6 25.
Nd1 Rxc2 26. Rxc2 e5 27. Ne2 exf4 28. Nxf4 Ne5+ 29. Kg2 Rc8 30. Rxc8 Bxc8 31. Ne3 f6 32. gxf6 Kf7 33. d4 Nc4 34. Nxc4 bxc4 35. e5 dxe5 36.
dxe5 Bc7 37. Bd4 Bb7+ 38. Kf2 Bc8 39. Ke3 Bf5 40. Bc3 Bb6+ 41. Bd4 Ba5 42. Bc3 Bb6+ 43. Bd4 Ba5 44. Bc3 Bb6+ 1/2-1/2

[Event "*** Titled Tuesday Blitz"]
[Site "Chess.com"]
[Date "2020.10.27"]
[Round "4"]
[White "dropstoneDP"]
[Black "penguingm1"]
[Result "0-1"]
[WhiteElo "2958"]
[BlackElo "2825"]
[TimeControl "180+1"]
[EndTime "10:38:48 PDT"]
[Termination "penguingm1 won by resignation"]

1. e4 e5 2. f4 exf4 3. Bc4 Nf6 4. e5 d5 5. Bb5+ c6 6. exf6 cxb5 7. Qe2+ Be6 8. Qxb5+ Nd7 9. fxg7 Qh4+ 10. Kf1 Bxg7 11.
Nf3 Qh5 12. Qb4 Rc8 13. Nc3 Rc4 14. Qa3 Bh3 15. Kf2 Bf8 16. Re1+ Be6 17. Qb3 Bc5+ 18. d4 Rxd4 19. Nxd4 Bxd4+ 20. Kf1 f3 21. Be3 Qxh2 22. Re2 Qh1+ 23. Kf2 Qxg2+ 24. Ke1 fxe2 25. Bxd4 Qf1+ 26. Kd2 Qxa1 27. Nxe2 Rg8 28. Qxb7 Ke7 29. Qb4+ Ke8 30. Qb7 f6 31. Qxa7 Qh1 32. Qa6 Qe4 33. Be3 Rg2 34.
Qc8+ Kf7 35. Qh8 Ne5 36. Qd8 Nc4+ 0-1